 Dungeon Crawl Stone Soup version 0.26-a0-663-g36e8fdb655 (webtiles) character file.

Game seed: 4046430122573661592

46 aardvark the Chiller (level 3, 25/31 HPs)
             Began as a Troll Ice Elementalist on Oct 11, 2020.
             Quit the game on level 2 of the Dungeon.
             The game lasted 00:03:07 (1627 turns).

aardvark the Chiller (Troll Ice Elementalist)       Turns: 1627, Time: 00:03:07

Health: 25/31      AC:  6    Str: 17    XL:     3   Next: 46%
Magic:  1/3        EV: 10    Int: 11    God:
Gold:   38         SH:  0    Dex: 10    Spells: 0/4 levels left

rFire    . . .     SeeInvis .     - Unarmed
rCold    . . .     Faith    .   (no shield)
rNeg     . . .     Spirit   .   a - +0 robe
rPois    .         Reflect  .   (helmet restricted)
rElec    .         Harm     .   (no cloak)
rCorr    .         Rampage  .   (gloves unavailable)
MR       .....                  (boots unavailable)
Stlth    +.........             (no amulet)
HPRegen  0.50/turn              (no ring)
MPRegen  0.08/turn              (no ring)

@: no status effects
A: large, unfitting armour, claws 3, regeneration 1, shaggy fur 1, tough skin 3
a: no special abilities


You were on level 2 of the Dungeon.
You visited 1 branch of the dungeon, and saw 2 of its levels.

You collected 38 gold pieces.

Inventory:

Missiles
 f - 12 poisoned darts (quivered)
 h - 2 boomerangs
Armour
 a - a +0 robe (worn)
Scrolls
 b - 2 scrolls of teleportation {unknown}
 d - a scroll of enchant armour {unknown}
Potions
 c - 3 potions of stabbing {unknown}
 e - a potion of curing {unknown}
 g - a potion of heal wounds {unknown}


   Skills:
 - Level 1.6 Dodging
 - Level 1.0 Stealth
 + Level 2.0 Unarmed Combat
 - Level 1.2 Spellcasting
 + Level 3.4 Ice Magic


You couldn't memorise any spells.
You knew the following spells:

 Your Spells              Type           Power        Failure   Level
a - Freeze                Ice            #...         8%          1
b - Frozen Ramparts       Ice            #.....       22%         3

Your spell library contained the following spells:

 Spells                   Type           Power        Failure   Level
 Ozocubu's Armour         Ice            #.......     22%         3
 Hailstorm                Conj/Ice       #.......     83%         4
 Summon Ice Beast         Ice/Summ       #.......     83%         4


Dungeon Overview and Level Annotations

Branches:
Dungeon (2/15)

Altars:
Kikubaaqudgha

Annotations:
D:2 Natasha


Innate Abilities, Weirdness & Mutations

You are too large for most types of armour.
You have claws for hands.
Your natural rate of healing is unusually fast.
You are covered in fur. (AC +1)
You have extremely tough skin. (AC +3)


Message History

You freeze the adder.
The adder is moderately wounded.
The adder bites you. x2
You are poisoned.
The adder poisons you!
You miss the adder.
The adder is moderately wounded.
You feel sick. The adder bites you.
You claw the adder!
You kill the adder!
Your Unarmed Combat skill increases to level 2!
f - 12 poisoned darts (gained 1)
You see here an adder corpse.
You feel sick.
You feel sick. x2
You are no longer poisoned.
Okay, then.
Quiver which item? (- for none, * to show all) (? for menu, Esc to quit)
Okay, then.
Are you sure you want to abandon this character and quit the game? (Confirm with "yes".)

## #l# #.
#####.##
#.######
...h..#
#.#....###
.....#
#........#
.h..#
#........#
...
#.@......#
#+#
#........#
#.#
#..<...###
#.#
#.####.#
####.####.
#
#.......##
#.......#
#.......#
#.......#


There were no monsters in sight!

Vanquished Creatures
  2 adders (D:2)
  An ooze (D:2)
  A worm (D:2)
  A leopard gecko (D:1)
  2 bats (D:1)
  2 giant cockroaches
  4 hobgoblins
  A frilled lizard (D:2)
  4 kobolds
  2 rats (D:1)
20 creatures vanquished.

Notes
Turn   | Place    | Note
-------+----------+-------------------------------------------
     0 | D:1      | aardvark the Troll Ice Elementalist began the quest for the
                  | Orb.
     0 | D:1      | Reached XP level 1. HP: 16/16 MP: 1/1
    89 | D:1      | Reached skill level 3 in Ice Magic
   510 | D:1      | Reached XP level 2. HP: 24/24 MP: 0/2
   562 | D:1      | Reached skill level 1 in Unarmed Combat
  1322 | D:2      | Reached XP level 3. HP: 18/31 MP: 3/3
  1366 | D:2      | Found an ancient bone altar of Kikubaaqudgha.
  1446 | D:2      | Noticed Natasha
  1457 | D:2      | Learned a level 3 spell: Frozen Ramparts
  1627 | D:2      | Quit the game

Illustrated notes

Levels and vault maps discovered:
D:1:      eino_arrival_water_cross, layout_basic
D:2:      layout_basic, kiku_gazebo_pond_becter, uniq_natasha, uniq_sigmund

Skill      XL: |  1  2  3 |
---------------+----------+-----
Ice Magic      | 3 |  3.4
Unarmed Combat | 1 2 |  2.0
Dodging        | |  1.6
Stealth        | |  1.0
Spellcasting   | |  1.2

Action                   || total
-------------------------++-------
Melee: Unarmed           ||    43
Throw: Dart              ||    29
 Cast: Freeze            ||     9
 Stab: Sleeping          ||     1
Armor: Robe              ||    25
Dodge: Dodged            ||    24

Table legend: (Time is in decaauts)
 A = Elapsed time spent in this place.
 B = Non-inter-level travel time spent in this place.
 C = Inter-level travel time spent in this place.
 D = Time resting spent in this place.
 E = Time spent auto-exploring this place.
 F = Levels seen in this place.
 G = Mean time per level.
                   A        B        C        D        E       F      G
               +--------+--------+--------+--------+--------+-----+--------+
         Total |   1628 |   1382 |    246 |    381 |    797 |   2 |  814.0 |
       Dungeon |   1628 |   1382 |    246 |    381 |    797 |   2 |  814.0 |
               +--------+--------+--------+--------+--------+-----+--------+

Top non-repeatable levels by time:
     D:1: 1189 daAuts
     D:2: 439 daAuts
